 Dungeon Crawl Stone Soup version 0.23.2-33-g5129a83184 (webtiles) character file.

Game seed: 2103159388239391019

606 FishyPogo the Digger (level 7, -1/55 HPs)
             Began as a Deep Dwarf Earth Elementalist on Aug 4, 2019.
             Killed from afar by an orc wizard (4 damage)
             ... with a puff of flame
             ... on level 3 of the Dungeon.
             The game lasted 00:33:21 (3451 turns).

FishyPogo the Digger (DDEE)                         Turns: 3451, Time: 00:33:21

Health: -1/55      AC:  2    Str:  9    XL:     7   Next: 19%
Magic:  2/11       EV: 14    Int: 17    God:
Gold:   218        SH:  0    Dex: 14    Spells: 8/12 levels left

rFire    . . .     SeeInvis .   k - +0 scythe
rCold    . . .     Gourm    .   (shield currently unavailable)
rNeg     . . .     Faith    .   l - +0 robe
rPois    .         Spirit   .   (no helmet)
rElec    .         Reflect  .   (no cloak)
rCorr    .         Harm     .   (no gloves)
MR       +....                  (no boots)
Stlth    +++.......             (no amulet)
HPRegen  0.00/turn              i - -2 ring of strength (curse)
MPRegen  0.12/turn              (no ring)

@: non-regenerating
A: damage resistance, heal wounds, sense surroundings 1, no regeneration
a: Heal Wounds


You were on level 3 of the Dungeon.
You were not hungry.

You visited 1 branch of the dungeon, and saw 4 of its levels.

You collected 218 gold pieces.

Inventory:

Hand Weapons
 a - a +0 club
 k - a +0 scythe (weapon)
Missiles
 b - 44 stones (quivered)
Armour
 f - a +0 leather armour
 l - a +0 robe (worn)
Jewellery
 i - a cursed -2 ring of strength (left hand)
Wands
 n - a wand of scattershot (5)
Scrolls
 c - a scroll of fog {unknown}
 e - a scroll of enchant armour {unknown}
 g - 2 scrolls of identify {unknown}
 h - 4 scrolls of remove curse
 o - a scroll of enchant weapon {unknown}
Potions
 m - a potion of brilliance {unknown}
 p - 2 potions of degeneration {unknown}
 q - 2 potions of agility {unknown}
Comestibles
 d - 11 rations
 j - 3 chunks of flesh


   Skills:
 - Level 1.0 Armour
 - Level 4.1 Dodging
 - Level 4.0 Stealth
 + Level 3.0 Spellcasting
 * Level 3.2 Conjurations
   Level 0.8 Transmutations
 * Level 6.8 Earth Magic


You had 8 spell levels left.
You knew the following spells:

 Your Spells              Type           Power        Failure   Level  Hunger
a - Sandblast             Erth           ####..       1%          1    None
b - Stone Arrow           Conj/Erth      ###...       7%          3    ###....

Your spell library contained the following spells:

 Spells                   Type           Power        Failure   Level  Hunger
 Passwall                 Tmut/Erth      ###.....     5%          2    ##.....
 Lee's Rapid Deconstruct  Erth           ####......   28%         5    ######.
 Petrify                  Tmut/Erth      ###.....     34%         4    ####...


Dungeon Overview and Level Annotations

Branches:
Dungeon (4/15)
 Temple: D:4-7

Altars:


Innate Abilities, Weirdness & Mutations

You are resistant to damage.
You can heal yourself by infusing magical energy.
You passively map a small area around you.
You do not regenerate.


Message History

The orc wizard is almost dead.
The orc wizard casts a spell at you. The puff of frost hits you.
The orc wizard mumbles some strange words.
The orc wizard flickers and vanishes!
Deactivating autopickup; reactivate with Ctrl-A.
You hear some strange, mumbled words.
A puff of flame appears from out of thin air!
The puff of flame hits you!
* * * LOW HITPOINT WARNING * * *
Something hits you.
* * * LOW HITPOINT WARNING * * *
You climb upwards.
Reactivating autopickup.
There is a stone staircase leading down here.
You hear some strange, mumbled words.
A puff of flame appears from out of thin air!
Deactivating autopickup; reactivate with Ctrl-A.
The puff of flame hits you.
You die...

........#...............##.......
..........>...)..................
รท........................(.......
........#.....<..................
........##.##.##...............#.
............)....................
................##...........<...
...............>##...............
................@................
#.....#..##..#####...............
####.##.###.#......#######.......
## #.##............).............
.# #..#.#....#.......#####.......
.# ##.#.#..####..###.............
.###......####........<###.......
.#....#.#.###..........# ###..#..
..................)....# ##....


There were no monsters in sight!

Vanquished Creatures
  Sigmund (D:2)
  An ogre (D:4)
  A phantom (D:4)
  A howler monkey (D:4)
  A hound (D:4)
  Jessica (D:3)
  An iguana (D:4)
  An orc wizard (D:4)
  4 gnolls
  3 adders
  A worm (D:2)
  A dart slug (D:1)
  3 leopard geckos
  8 orcs
  5 bats
  4 giant cockroaches
  4 goblins
  6 hobgoblins
  3 jackals (D:1)
  A quokka (D:4)
  A ball python (D:1)
  5 frilled lizards
  7 kobolds
  8 rats
72 creatures vanquished.

Notes
Turn   | Place    | Note
-------+----------+-------------------------------------------
     0 | D:1      | FishyPogo the Deep Dwarf Earth Elementalist began the quest
                  | for the Orb.
     0 | D:1      | Reached XP level 1. HP: 15/15 MP: 3/3
   255 | D:1      | Reached XP level 2. HP: 14/22 MP: 1/4
   890 | D:1      | Reached XP level 3. HP: 13/28 MP: 3/6
   898 | D:1      | Learned a level 3 spell: Stone Arrow
  1265 | D:2      | Noticed Sigmund
  1379 | D:2      | Reached skill level 1 in Armour
  1755 | D:2      | Killed Sigmund
  1755 | D:2      | Reached skill level 1 in Conjurations
  1755 | D:2      | Reached skill level 5 in Earth Magic
  1755 | D:2      | Reached XP level 4. HP: 16/36 MP: 1/7
  1755 | D:2      | Reached XP level 5. HP: 18/42 MP: 1/8
  2216 | D:3      | Noticed Jessica
  2359 | D:2      | Reached XP level 6. HP: 5/49 MP: 2/9
  2730 | D:3      | Killed Jessica
  3048 | D:4      | Reached skill level 6 in Earth Magic
  3151 | D:4      | Reached XP level 7. HP: 20/55 MP: 0/11
  3451 | D:3      | Killed from afar by an orc wizard

Skill      XL: |  1  2  3  4  5  6  7 |
---------------+----------------------+-----
Stealth        | 3 4 |  4.0
Spellcasting   | 2 3 |  3.0
Armour         | 1 |  1.0
Dodging        | 3 4 |  4.1
Conjurations   | 1 2 3 |  3.2
Earth Magic    | 5 6 |  6.8
Transmutations | |  0.8

Action                   |  1- 3 |  4- 6 |  7- 9 || total
-------------------------+-------+-------+-------++-------
Melee: Club              |   140 |       |       ||   140
       Unarmed           |     3 |       |       ||     3
       Scythe            |       |    43 |     2 ||    45
 Cast: Sandblast         |    17 |     8 |     2 ||    27
       Stone Arrow       |     4 |    27 |    10 ||    41
 Abil: Heal Wounds       |     1 |     2 |       ||     3
  Use: Scroll            |     1 |       |       ||     1
 Stab: Sleeping          |     3 |     1 |       ||     4
  Eat: Chunk             |     4 |     8 |     2 ||    14
Armor: Robe              |     3 |     5 |       ||     8
       Leather armour    |    48 |       |       ||    48
Dodge: Dodged            |   125 |    65 |     1 ||   191
